 Dungeon Crawl Stone Soup version 0.16-a0-4115-ga5ed934 (webtiles) character file.

469 McCoppin the Poker (level 6, 0/44 HPs)
             Began as a Demonspawn Gladiator on Mar 1, 2015.
             Was an Initiate of Makhleb.
             Shot with an arrow of flame by a centaur (9 damage)
             ... on level 5 of the Dungeon.
             The game lasted 00:15:58 (3761 turns).

McCoppin the Poker (Demonspawn Gladiator)           Turns: 3761, Time: 00:15:58

Health: 0/44       AC:  8    Str: 22    XL:     6   Next: 82%
Magic:  6/6        EV: 12    Int: 10    God:    Makhleb [......]
Gold:   269        SH:  3    Dex: 13    Spells: 0 memorised, 5 levels left

rFire  . . .     SeeInvis .     p - +1 spear (freeze)
rCold  . . .     Clarity  .     b - +1 leather armour
rNeg   . . .     SustAb   .     (no shield)
rPois  .         Gourm    .     c - +0 helmet
rElec  .         Spirit   .     (no cloak)
rCorr  .         Warding  .     (no gloves)
rMut   .         Stasis   .     (no boots)
MR     .....                    (no amulet)
Stlth  +.........               y - +5 ring of strength
                                z - ring of flight

@: not resistant to hostile enchantments, very unstealthy
A: large bone plates 2, powered by death 1
a: Renounce Religion, Evoke Flight


You were on level 5 of the Dungeon.
You worshipped Makhleb.
Makhleb was noncommittal.
You were hungry.

You visited 1 branch of the dungeon, and saw 5 of its levels.

You collected 269 gold pieces.

Inventory:

Hand weapons
 a - a +0 trident
 g - a +0 spear
 p - a +1 spear of freezing (weapon)
 t - a +0 blowgun
Missiles
 d - 3 throwing nets (quivered)
 m - 4 curare-tipped needles
 s - 85 stones
 u - 40 poisoned needles
Armour
 b - a +1 leather armour (worn)
 c - a +0 helmet (worn)
Jewellery
 h - a +4 ring of intelligence
 y - a +5 ring of strength (right hand)
 z - a ring of flight (left hand)
Scrolls
 e - 7 scrolls of identify
 j - a scroll of random uselessness
 n - a scroll of enchant armour
 q - a scroll of teleportation
 w - a scroll of amnesia
 A - a scroll of fog
Potions
 r - 2 potions of resistance
Books
 l - a book of the Tempests

   Spells                             Type                      Level
   a - Static Discharge               Conjuration/Air              3
   b - Lightning Bolt                 Conjuration/Air              5
   c - Fireball                       Conjuration/Fire             5
   d - Tornado                        Air                          9
   e - Shatter                        Earth                        9
Comestibles
 f - a bread ration
 i - 4 fruits
 k - 2 slices of pizza
 o - a meat ration
 v - a royal jelly


   Skills:
 - Level 2.0 Fighting
 + Level 7.1 Polearms
 - Level 1.7 Throwing
 - Level 2.6 Dodging


You had 5 spell levels left.
You didn't know any spells.

Dungeon Overview and Level Annotations

Branches:
Dungeon (5/15)             Temple (0/1) D:4

Altars:
Cheibriados
Makhleb
Nemelex Xobeh

Shops:
D:5 [


Innate Abilities, Weirdness & Mutations

You are mostly covered in large bone plates (AC +3, SH +3).
You can steal the life force of nearby defeated enemies.


Message History

An orc priest comes into view. It is wielding a hand axe.
You see here 2 arrows of flame.
An orc comes into view. It is wielding a whip.
The orc shouts!
The orc priest shouts!
The centaur shoots an arrow of flame.
The arrow of flame hits you. The arrow of flame burns you.
The centaur shoots an arrow of flame.
You block the arrow of flame.
The orc priest invokes the aid of Beogh against you.
Something smites you!
* * * LOW HITPOINT WARNING * * *
The centaur shoots an arrow of flame.
The arrow of flame barely misses you.
You see here an arrow of flame.
An orc comes into view. It is wielding a short sword.
Things that are here:
an adder corpse; a rat corpse The centaur shoots an arrow of flame.
The arrow of flame misses you.
There is an escape hatch in the ceiling here.
There is a stone staircase leading up here.
The centaur shoots an arrow of flame.
The arrow of flame hits you!
You die...

..$.(.......##.##.##....#
.....(.....(c(.##.##....#
^.........(######.......#
..........oc....c†#.....#
%..........######(#.....#
.........o....o##.#.....#
.....(.....# #...†#.....#
.......o...#######c.....#
.... ...........@.<..####
... .o.............# ..
....###.#...(.# # . #
#........# ....##.####
#...# #.# #### #+#


You could see a centaur.

Vanquished Creatures
  A black bear (D:3)
  The ghost of stickyfingers the Skirmisher, an average TeWn (D:3)
  A hound (D:4)
  2 crimson imps
  A worker ant (D:4)
  7 adders
  2 giant mites
  A worm (D:2)
  4 giant geckos
  2 oozes
  An orc (D:3)
  2 ball pythons
  17 bats
  A bat skeleton (D:4)
  3 giant cockroaches
  10 goblins
  13 hobgoblins
  7 jackals
  10 kobolds
  4 giant newts
  2 quokkas
  A quokka skeleton (D:4)
  9 rats
102 creatures vanquished.

Notes
Turn   | Place    | Note
--------------------------------------------------------------
     0 | D:1      | McCoppin, the Demonspawn Gladiator, began the quest for the Orb.
     0 | D:1      | Reached XP level 1. HP: 16/16 MP: 1/1
    84 | D:1      | Reached skill level 3 in Polearms
   113 | D:1      | Gained mutation: You can steal the life force of nearby defeated enemies. [demonic ancestry]
   113 | D:1      | Reached XP level 2. HP: 16/22 MP: 2/2
   816 | D:1      | Gained mutation: You are partially covered in large bone plates (AC +2, SH +2). [demonic ancestry]
   816 | D:1      | Reached XP level 3. HP: 27/27 MP: 3/3
  1104 | D:2      | Reached skill level 4 in Polearms
  1176 | D:2      | Found a sparkling altar of Nemelex Xobeh.
  1230 | D:2      | Gained mutation: You are mostly covered in large bone plates (AC +3, SH +3). [demonic ancestry]
  1230 | D:2      | Reached XP level 4. HP: 33/33 MP: 4/4
  1664 | D:3      | Noticed a black bear
  1669 | D:3      | Killed a black bear
  1669 | D:3      | Reached skill level 5 in Polearms
  1669 | D:3      | Reached XP level 5. HP: 27/38 MP: 5/5
  2100 | D:3      | Noticed stickyfingers' ghost (average TeWn)
  2117 | D:3      | Killed stickyfingers' ghost
  2117 | D:3      | Reached skill level 6 in Polearms
  2117 | D:3      | Reached XP level 6. HP: 32/44 MP: 6/6
  2812 | D:4      | Found a burning altar of Makhleb.
  2820 | D:4      | Became a worshipper of Makhleb the Destroyer
  3067 | D:4      | Found a snail-covered altar of Cheibriados.
  3257 | D:4      | Found a staircase to the Ecumenical Temple.
  3435 | D:5      | Entered Level 5 of the Dungeon
  3485 | D:5      | Found Siang's Antique Armour Shoppe.
  3519 | D:5      | Reached skill level 7 in Polearms
  3761 | D:5      | Shot with an arrow of flame by a centaur

Action                   |  1- 3 |  4- 6 || total
-------------------------+-------+-------++-------
Melee: Trident           |   129 |       ||   129
       Spear             |    22 |   211 ||   233
  Use: Scroll            |       |     9 ||     9
       Potion            |       |     8 ||     8
  Eat: Chunk             |       |     5 ||     5
       Bread ration      |       |     1 ||     1
